Map: Moonlight Madness LE (Void)

Players

Brutalisk - Winner!

  • Race: Zerg Zerg
  • League: Platinum

ImotoFantasy

  • Race: Protoss Protoss
  • League: Gold

VOD

Have the link to the VOD?

Description

Time

  • Played on: Oct. 25, 2015, 2:20 p.m.
  • Length: 11:18
Show
View Real Time Build Order
Export as new Build Order

Brutalisk Zerg - Winner!

Build Orders: Pool First 

Get SALT Encoding   

  12  0:06  Drone  
  13  0:10  Drone  
  14  0:21  Extractor  
  13  0:28  Spawning Pool  
  13  0:32  Drone  
  13  0:38  Drone  
  14  0:45  Overlord  
  15  1:18  Zergling x6  
  15  1:20  Queen  
  19  1:27  Metabolic Boost  
  19  1:33  Zergling x2  
  20  1:43  Drone  
  21  1:57  Hatchery  
  21  2:00  Drone  
  21  2:29  Zergling x6  
  22  2:34  Overlord  
  22  2:40  Overlord  
  22  2:52  Queen  
  22  2:54  Drone x2  
  22  2:55  Drone  
  27  2:58  Baneling Nest  
  27  3:02  Drone  
  27  3:06  Drone  
  27  3:10  Drone  
  29  3:15  Drone  
  30  3:20  Zergling x2  
  30  3:26  Zergling x2  
  30  3:27  Zergling x2  
  33  3:33  Zergling x2  
  35  3:34  Zergling x4  
  35  3:37  Zergling x2  
  37  3:43  Zergling x4  
  37  3:48  Zergling x2  
  40  3:53  Overlord  
  40  3:56  Baneling  
  40  4:05  Baneling  
  40  4:06  Baneling x3  
  40  4:09  Zergling x2  
  41  4:10  Zergling x4  
  35  4:49  Zergling x2  
  35  4:50  Zergling x10  
  37  5:09  Zergling x8  
  38  5:22  Hatchery  
  38  5:28  Zergling x8  
  37  5:35  Drone, Queen x2  
  37  5:36  Drone  
  37  5:40  Drone x3  
  45  5:48  Overlord  
  45  5:56  Overlord  
  44  6:06  Overlord  
  44  6:07  Drone  
  44  6:08  Drone x3  
  44  6:09  Drone  
  44  6:10  Drone  
  43  6:30  Drone x4  
  43  6:31  Drone  
  44  6:52  Drone x7  
  44  6:53  Drone  
  52  6:57  Drone x2  
  52  6:58  Drone  
  52  6:59  Lair  
  55  7:02  Evolution Chamber  
  55  7:04  Drone x2  
  55  7:05  Drone  
  55  7:06  Evolution Chamber, Extractor  
  55  7:07  Extractor  
  54  7:09  Drone x4  
  54  7:12  Drone x2  
  60  7:25  Drone x3  
  63  7:33  Zerg Missile Weapons Level 1  
  63  7:34  Zerg Ground Armor Level 1  
  63  7:37  Drone, Extractor  
  63  7:38  Drone x3  
  63  7:42  Overlord x4  
  63  7:43  Overlord, Extractor  
  65  8:01  Hydralisk Den  
  64  8:07  Spore Crawler  
  63  8:22  Spore Crawler, Drone x4  
  63  8:23  Drone x5  
  63  8:25  Extractor  
  70  8:28  Spore Crawler  
  70  8:32  Muscular Augments  
  69  8:40  Drone x9  
  69  8:41  Drone x4  
  76  9:08  Hatchery, Hydralisk x10  
  95  9:15  Hydralisk x3  
  101  9:26  Hydralisk x2  
  101  9:31  Hatchery  
  104  9:32  Overlord x2  
  104  9:33  Overlord  
  104  9:41  Hatchery  
  104  9:43  Zergling x2  
  104  9:44  Zergling x4  
  106  10:02  Hydralisk x2  
  106  10:03  Hydralisk x6  
  106  10:04  Roach Warren  
  121  10:13  Infestation Pit  
  105  10:50  Hydralisk x13  
  105  10:51  Hydralisk  
  105  10:54  Overlord x4  
  105  10:55  Drone  
  105  10:56  Drone x2  
  136  10:59  Drone x3  
Show
View Real Time Build Order
Export as new Build Order

ImotoFantasy Protoss 

Build Orders: Nexus First 

Get SALT Encoding   

  12  0:01  Probe (Chrono Boost)  
  13  0:18  Probe (Chrono Boost)  
  14  0:23  Pylon  
  14  0:29  Probe (Chrono Boost)  
  15  0:41  Probe (Chrono Boost)  
  16  0:57  Nexus  
  16  1:00  Probe (Chrono Boost)  
  17  1:10  Probe (Chrono Boost)  
  18  1:14  Gateway  
  18  1:21  Probe (Chrono Boost)  
  18  1:24  Assimilator  
  19  1:30  Assimilator  
  19  1:32  Probe (Chrono Boost)  
  20  1:44  Pylon  
  20  1:47  Probe (Chrono Boost)  
  20  1:57  Probe (Chrono Boost)  
  21  2:02  Zealot (Chrono Boost)  
  23  2:32  Probe  
  23  2:33  Probe  
  23  2:37  Zealot (Chrono Boost)  
  27  2:43  Cybernetics Core, Probe  
  27  2:45  Probe  
  29  2:53  Probe  
  29  2:58  Probe  
  31  3:04  Probe  
  32  3:10  Probe  
  33  3:14  Probe  
  34  3:22  Probe  
  34  3:24  Pylon  
  35  3:28  Probe (Chrono Boost), Stargate  
  35  3:30  Warp Gate, Assimilator  
  38  3:34  Mothership Core (Chrono Boost)  
  38  3:35  Assimilator  
  38  3:39  Probe (Chrono Boost)  
  39  3:49  Pylon  
  39  3:50  Probe (Chrono Boost)  
  39  3:53  Probe (Chrono Boost)  
  41  4:00  Pylon  
  41  4:01  Zealot  
  42  4:10  Pylon  
  42  4:25  Zealot  
  42  4:26  Void Ray (Chrono Boost)  
  22  4:47  Probe x2  
  22  4:49  Zealot  
  24  5:04  Void Ray (Chrono Boost)  
  28  5:09  Probe  
  28  5:10  Probe  
  28  5:12  Zealot  
  28  5:14  Forge  
  28  5:33  Probe  
  28  5:34  Probe  
  30  5:37  Pylon  
  30  5:42  Zealot  
  30  5:47  Probe x2  
  34  5:59  Probe x2 (Chrono Boost)  
  34  6:01  Pylon  
  36  6:10  Probe x2 (Chrono Boost)  
  38  6:21  Probe x2 (Chrono Boost)  
  34  6:32  Probe (Chrono Boost)  
  35  6:35  Probe (Chrono Boost)  
  35  6:39  Photon Cannon  
  36  6:42  Probe (Chrono Boost)  
  36  6:46  Probe (Chrono Boost)  
  38  6:53  Probe (Chrono Boost)  
  39  6:56  Oracle  
  39  6:57  Probe (Chrono Boost)  
  43  7:03  Probe (Chrono Boost)  
  43  7:07  Probe (Chrono Boost)  
  45  7:14  Probe (Chrono Boost)  
  46  7:18  Probe (Chrono Boost)  
  47  7:24  Probe (Chrono Boost)  
  47  7:26  Pylon  
  47  7:28  Probe (Chrono Boost)  
  49  7:37  Probe (Chrono Boost)  
  49  7:38  Photon Cannon  
  49  7:39  Probe (Chrono Boost)  
  51  7:48  Probe (Chrono Boost)  
  51  7:49  Probe (Chrono Boost)  
  51  7:51  Fleet Beacon  
  53  7:57  Stargate x2  
  53  7:58  Probe (Chrono Boost)  
  53  8:00  Probe (Chrono Boost)  
  55  8:09  Probe (Chrono Boost)  
  55  8:10  Probe (Chrono Boost)  
  57  8:14  Nexus  
  57  8:23  Probe (Chrono Boost)  
  57  8:24  Probe (Chrono Boost)  
  60  8:34  Probe x2 (Chrono Boost), Photon Cannon  
  61  8:47  Probe x2 (Chrono Boost)  
  66  8:50  Carrier (Chrono Boost)  
  66  9:07  Pylon  
  66  9:12  Pylon  
  66  9:18  Probe x2  
  68  9:26  Probe  
  68  9:28  Carrier (Chrono Boost)  
  81  9:31  Carrier (Chrono Boost)  
  81  9:32  Photon Cannon  
  81  9:35  Probe x2  
  81  9:36  Probe  
  81  9:37  Assimilator  
  84  9:48  Probe x2  
  84  9:49  Probe  
  87  9:52  Photon Cannon  
  87  10:00  Probe x2  
  87  10:01  Probe  
  90  10:11  Graviton Catapult  
  90  10:12  Probe x2  
  90  10:13  Probe  
  99  10:15  Sentry  
  99  10:21  Assimilator  
  101  10:27  Pylon  
  87  10:45  Probe  
Tags
 
Add a new tag
Caveats
  • Supply blocks, unpowered buildings, or Contaminate may cause inaccurate times.
  • Supply counts are checked every 10 seconds.